 Dungeon Crawl Stone Soup version 0.29-a0-925-g0a7a3d12f8 (webtiles) character file.

Game seed: 11817578522957590734

92031 purpskrrrp the Peltast (level 16, -9/122 HPs)
             Began as a Formicid Hunter on July 28, 2022.
             Was an Initiate of Gozag.
             Mangled by a bunyip (10 damage)
             ... called by a spriggan druid
             ... on level 1 of the Swamp.
             The game lasted 01:30:00 (22781 turns).

purpskrrrp the Peltast (Formicid Hunter)           Turns: 22781, Time: 01:30:04

Health: -9/122     AC: 32    Str: 32    XL:     16   Next: 52%
Magic:  16/16      EV: 18    Int:  3    God:    Gozag
Gold:   1798       SH:  0    Dex: 24    Spells: 15/15 levels left

rFire   x . .      SeeInvis +   o - +8 flail "Spiderslayer" {elec, rC+ Str+3 Dex+5}
rCold   + + +      Faith    .   l - +4 tower shield
rNeg    . . .      Spirit   .   y - +3 chain mail of the New World {rF- rC+++ Str+9 Int-5}
rPois   .          Reflect  .   (helmet unavailable)
rElec   .          Harm     .   t - +1 cloak
rCorr   .          Rampage  .   w - +0 pair of gloves
Will    +++..                   s - +2 pair of boots
Stlth   ..........              r - necklace of Bloodlust {*Rage Will++ Int-3 Slay+6}
HPRegen 0.30/turn               g - +4 ring of protection
MPRegen 0.15/turn               u - +4 ring of protection

@: confused, ambrosia-drunk, gold aura
A: permanent stasis, dig shafts and tunnels, antennae 3, four strong arms
a: Dig, Shaft Self, Renounce Religion, Potion Petition, Call Merchant, Bribe
Branch


You were on level 1 of the Swamp.
You worshipped Gozag.
Gozag was most pleased with you.
You visited 5 branches of the dungeon, and saw 23 of its levels.
You also visited: Sewer.

You collected 6203 gold pieces.
You spent 2947 gold pieces at shops.
You paid 1458 gold pieces to Gozag.

Inventory:

Hand Weapons
 o - the +8 flail "Spiderslayer" (weapon) {elec, rC+ Str+3 Dex+5}
   (You found it on level 2 of the Dungeon)

   It occasionally discharges a powerful burst of electricity upon striking a
   foe.
   Str:       It affects your strength (+3).
   Dex:       It affects your dexterity (+5).
   rC:        It protects you from cold.
 D - a +5 halberd of distortion
 U - the +4 rapier "Oramallep" {holy, rElec Str+4 Dex+2 SInv}
   (You found it on level 2 of the Lair of Beasts)

   It has been blessed by the Shining One to cause great damage to the undead
   and demons.
   Str:       It affects your strength (+4).
   Dex:       It affects your dexterity (+2).
   rElec:     It insulates you from electricity.
   SInv:      It lets you see invisible.
Missiles
 e - 2 throwing nets
 W - 5 silver javelins
Armour
 l - a +4 tower shield (worn)
 s - a +2 pair of boots (worn)
 t - a +1 cloak (worn)
 w - a +0 pair of gloves (worn)
 y - the +3 chain mail of the New World (worn) {rF- rC+++ Str+9 Int-5}
   (You found it on level 14 of the Dungeon)

   Str:       It affects your strength (+9).
   Int:       It affects your intelligence (-5).
   rF:        It makes you vulnerable to fire.
   rC:        It renders you almost immune to cold.
Jewellery
 f - the amulet "Kuothete" {Spirit rPois Str+7 Int-5 Dex+3}
   (You bought it in a shop on level 12 of the Dungeon)

   [amulet of guardian spirit]

   It causes incoming damage to be divided between your reserves of health and
   magic.
   Str:       It affects your strength (+7).
   Int:       It affects your intelligence (-5).
   Dex:       It affects your dexterity (+3).
   rPois:     It protects you from poison.
 g - a +4 ring of protection (left hand)
 i - a ring of positive energy
 j - a ring of flight
 r - the necklace of Bloodlust (around neck) {*Rage Will++ Int-3 Slay+6}
   (You bought it in a shop on level 4 of the Lair of Beasts)

   [amulet of nothing]

   It extends the wearer's berserk rage when killing foes.
   Int:       It affects your intelligence (-3).
   Slay:      It affects your accuracy & damage with ranged weapons and melee
   (+6).
   *Rage:     It berserks you when you make melee attacks (+50% chance).
   Will:      It greatly increases your willpower.
 u - a +4 ring of protection (right hand)
Wands
 a - a wand of paralysis (14)
 z - a wand of iceblast (12)
 A - a wand of polymorph (21)
 B - a wand of digging (4)
 G - a wand of quicksilver (7)
 M - a wand of mindburst (21)
 T - a wand of flame (27) (quivered)
Scrolls
 b - 8 scrolls of immolation
 c - 4 scrolls of magic mapping
 h - a scroll of torment {unknown}
 k - a scroll of identify
 q - a scroll of amnesia
 x - 4 scrolls of poison
 L - 4 scrolls of fear
 Q - 2 scrolls of butterflies
Potions
 d - 3 potions of lignification
 m - 6 potions of curing
 n - 8 potions of mutation
 p - 2 potions of resistance
 v - 5 potions of flight
 E - 4 potions of invisibility {unknown}
 F - 5 potions of brilliance {unknown}
 H - 2 potions of cancellation {unknown}
 I - 5 potions of degeneration {unknown}
 P - 6 potions of heal wounds {unknown}
 V - 2 potions of might
 Z - 3 potions of ambrosia
Miscellaneous
 C - a condenser vane
 O - a lightning rod (4/4)
 X - a phantom mirror


   Skills:
 + Level 10.0 Fighting
 * Level 16.0 Maces & Flails
 - Level 7.7 Ranged Weapons
 * Level 15.6 Armour
 + Level 13.3 Dodging
 - Level 5.0 Stealth
 + Level 17.5 Shields


You had 15 spell levels left.
You didn't know any spells.
Your spell library contained the following spells:

 Spells                   Type           Power      Damage    Failure   Level
 Apportation              Tloc           0%         N/A       98%         1
 Foxfire                  Conj/Fire      0%         2x1d4     98%         1
 Magic Dart               Conj           0%         1d3       98%         1
 Summon Small Mammal      Summ           0%         N/A       98%         1
 Call Imp                 Summ           0%         N/A       99%         2
 Ensorcelled Hibernation  Hex/Ice        0%         N/A       99%         2
 Scorch                   Fire           0%         2d5       99%         2
 Call Canine Familiar     Summ           0%         N/A       100%        3
 Mephitic Cloud           Conj/Pois/Air  0%         N/A       100%        3
 Portal Projectile        Hex/Tloc       0%         N/A       100%        3
 Spider Form              Tmut/Pois      0%         N/A       100%        3
 Anguish                  Hex/Necr       0%         N/A       100%        4
 Animate Armour           Summ/Erth      0%         N/A       100%        4
 Flame Wave               Conj/Fire      0%         2d4       100%        4
 Leda's Liquefaction      Hex/Erth       0%         N/A       100%        4
 Olgreb's Toxic Radiance  Pois           0%         N/A       100%        4
 Petrify                  Tmut/Erth      0%         N/A       100%        4
 Sticky Flame             Conj/Fire      0%         2d3       100%        4
 Blade Hands              Tmut           0%         N/A       100%        5
 Metabolic Englaciation   Hex/Ice        0%         N/A       100%        5
 Iron Shot                Conj/Erth      0%         9d1       100%        6
 Statue Form              Tmut/Erth      0%         N/A       100%        6
 Infestation              Necr           0%         N/A       100%        8
 Fire Storm               Conj/Fire      0%         5d1       100%        9


Dungeon Overview and Level Annotations

Branches:
Dungeon (15/15)            Temple (0/1) D:5            Lair (5/5) D:10
  Swamp (1/4) Lair:2       Spider (0/4) Lair:2        Slime (1/5) Lair:5
    Orc (0/2) D:9          Vaults (0/5) D:14         Depths (1/4) D:15
  Sewer (visited)

Altars:
Cheibriados
Gozag
Makhleb
Qazlal
Uskayaw
Vehumet
Wu Jian
Yredelemnul

Shops:
D:8 =   D:9 ?   D:12 =*   Lair:4 *


Innate Abilities, Weirdness & Mutations

You cannot be hasted, slowed, berserked, paralysed or teleported.
You can dig through walls and to a lower floor.
You have a pair of large antennae on your head. (SInv)
Your four strong arms can wield two-handed weapons with a shield.


Message History

The eleionoma splashes around in the water.
The spriggan druid casts a spell at you.
The stone arrow misses you.
The stone arrow hits the swamp worm!!
The swamp worm dies!
The spriggan rider hits you but does no damage.
The swamp worm misses you. The swamp worm closely misses you.
The spriggan rider hits you but does no damage.
The goliath frog completely misses you. The goliath frog closely misses you.
The spriggan shouts!
You sock the spriggan rider!
The spriggan rider is moderately wounded.
The spriggan is no longer distracted by gold.
A spriggan comes into view. It is wielding a +1 rapier of draining.
The swamp worm closely misses you.
The spriggan rider hits you but does no damage.
The eleionoma completely misses you.
The spriggan druid hits you but does no damage.
The bunyip howls a warning cry!
The swamp worm bites you but does no damage.
The spriggan rider misses you. The goliath frog closely misses you.
The spriggan rider hits you but does no damage.
The goliath frog hits you but does no damage.
You completely miss the eleionoma.
The eleionoma is heavily wounded.
The spriggan druid gestures wildly while chanting.
The forest starts to sway and rumble!
The swamp worm misses you. The swamp worm barely misses you.
The spriggan rider hits you from afar with a +0 spear!
* * * LOW HITPOINT WARNING * * *
The spriggan druid hits you but does no damage.
The eleionoma barely misses you. The goliath frog barely misses you.
The spriggan rider completely misses you.
The goliath frog closely misses you.
You bludgeon the spriggan rider!!
The spriggan rider is severely wounded.
A root smacks you from below.
* * * LOW HITPOINT WARNING * * *
The bunyip misses you. The bunyip claws you!
You die...
Your body crumbles into a pile of gold.

≈≈≈≈ .≈≈..♣♣♣.
.♣≈≈≈≈≈..
§≈≈...♣≈≈
≈≈......≈
§≈≈≈♣$≈.♣ .
......ii♣♣♣ { ♣≈.
≈≈≈≈≈.Fiw$♣♣ ≈≈≈≈
$ .≈≈.≈.Dx@♣.♣
.....
...≈...iRw♣♣≈≈≈≈≈.
♣♣♣..♣≈≈xxFi{≈.≈.i
♣. ♣♣.≈♣iki≈.≈.§ ♣
♣≈..≈≈≈≈.≈.≈
♣♣..≈.≈..≈.≈
♣$≈≈≈≈≈≈≈≈. {
§♣..≈≈≈..≈.
♣♣♣♣...≈≈≈≈≈


You could see 3 bunyips, an eleionoma, an eight-headed hydra, 4 spriggan riders,
2 spriggan druids, 2 goliath frogs, 2 swamp worms, a swamp drake and a spriggan.

Vanquished Creatures
  2 acid blobs (Lair:5)
  The ghost of Selrock the Struggler, a journeyman DsGl of Okawaru (Lair:4)
  2 ettins (Depths:1)
  2 vault guards (D:14)
  5 hydras
  A spriggan air mage (D:15)
  4 boulder beetles
  An ice dragon (Depths:1)
  3 centaur warriors
  An alligator (Swamp:1)
  11 death yaks
  4 two-headed ogres
  A vampire mage (D:15)
  Sonja (D:11)
  Lodul (D:12)
  The ghost of SirDiesAlot the Geomancer, a novice DEEE of Vehumet (D:8)
  5 wizards
  5 lindwurms
  3 necromancers
  A wolf spider (Lair:5)
  4 deep elf pyromancers
  2 cyclopes
  19 ugly things
  3 oklob plants (Lair:5)
  3 manticores
  8 black mambas
  A guardian serpent (Lair:5)
  2 naga magi (D:15)
  4 elephants (Lair:3)
  Joseph (D:7)
  A centaur zombie (D:15)
  10 cane toads
  An unseen horror (D:12)
  A centaur skeleton (D:15)
  Psyche (D:8)
  Maggie (D:7)
  10 komodo dragons
  2 kobold demonologists (D:13)
  A rime drake (Lair:4)
  2 tengu conjurers (D:14)
  An efreet (D:14)
  A meliai (Lair:4)
  3 trolls
  6 hornets
  Grinder (D:5)
  Prince Ribbit (D:5)
  16 blink frogs
  11 slime creatures
  5 dream sheep (Lair:3)
  A jumping spider (Lair:2)
  Sigmund (D:5)
  2 shadows (D:8)
  A vampire (D:10)
  A water elemental (D:14)
  15 wyverns
  45 yaks
  2 wraiths
  17 humans (D:14)
  2 redbacks (Lair:5)
  A steam dragon (D:8)
  11 vampire mosquitoes
  Edmund (D:6)
  Menkaure (D:5)
  2 acid dragons
  19 water moccasins
  Duvessa (D:7)
  2 sky beasts
  4 orc warriors
  2 black bears
  2 ice beasts
  8 ogres
  3 wolves (Lair:5)
  3 centaurs
  5 kobold brigands
  A phantom (D:6)
  4 bullfrogs
  4 scorpions
  Dowan (D:7)
  11 killer bees
  An electric eel (D:15)
  7 howler monkeys
  3 hounds
  Crazy Yiuf (D:3)
  2 gnoll boudas
  5 orc priests
  4 iguanas
  6 orc wizards
  10 gnolls
  8 adders
  A shadow imp (D:5)
  A white imp (D:5)
  2 worms (D:2)
  4 dart slugs
  20 orcs
  8 ball pythons
  6 bats
  8 endoplasms
  6 giant cockroaches
  6 goblins
  5 hobgoblins
  A quokka (D:4)
  A frilled lizard (D:2)
  23 kobolds
  9 rats
498 creatures vanquished.

Vanquished Creatures (collateral kills)
  8 ugly things
  A centaur zombie (D:15)
  A cyclops (D:15)
  A kobold demonologist (D:13)
  A komodo dragon (D:13)
  A tengu conjurer (D:15)
  A queen bee (Lair:4)
  3 killer bees (Lair:4)
17 creatures vanquished.

Vanquished Creatures (others)
  A wizard (D:14)
  A swamp worm (Swamp:1)
  An orc wizard (D:8)
  A gnoll (D:7)
  15 fungi
  35 plants
54 creatures vanquished.

Grand Total: 569 creatures vanquished

Notes
Turn   | Place    | Note
-------+----------+-------------------------------------------
     0 | D:1      | purpskrrrp the Formicid Hunter began the quest for the Orb.
     0 | D:1      | Reached XP level 1. HP: 16/16 MP: 1/1
    69 | D:1      | Reached XP level 2. HP: 7/22 MP: 2/2
   707 | D:1      | Found a faded altar of an unknown god.
  1019 | D:2      | Reached XP level 3. HP: 27/27 MP: 3/3
  1221 | D:2      | Reached skill level 1 in Shields
  1227 | D:2      | Identified the +8 flail "Spiderslayer" {elec, rC+ Str+3
                  | Dex+5}
  1232 | D:2      | Identified a scroll of acquirement
  1232 | D:2      | Acquired a manual of Dodging
  1258 | D:2      | Reached skill level 5 in Ranged Weapons
  1308 | D:2      | Reached XP level 4. HP: 33/33 MP: 4/4
  1923 | D:3      | Reached XP level 5. HP: 39/39 MP: 5/5
  2023 | D:3      | Found a runed translucent door.
  2024 | D:3      | Noticed Crazy Yiuf
  2160 | D:3      | Reached skill level 2 in Shields
  2287 | D:3      | Reached skill level 1 in Armour
  2414 | D:3      | Found a burning altar of Makhleb.
  2420 | D:3      | Found a radiant altar of Vehumet.
  2421 | D:3      | Found a snail-covered altar of Cheibriados.
  2494 | D:3      | Found an opulent altar of Gozag.
  2694 | D:3      | Killed Crazy Yiuf
  2695 | D:3      | Reached skill level 1 in Maces & Flails
  2812 | D:3      | Became a worshipper of Gozag Ym Sagoz the Greedy
  2902 | D:4      | Found a glowing drain.
  2909 | D:4      | Reached XP level 6. HP: 37/46 MP: 6/6
  2989 | Sewer    | Entered a sewer
  3465 | Sewer    | Reached skill level 3 in Shields
  3465 | Sewer    | Reached XP level 7. HP: 41/51 MP: 7/7
  4003 | D:4      | Reached skill level 4 in Shields
  4006 | D:4      | Reached XP level 8. HP: 47/58 MP: 8/8
  4508 | D:5      | Entered Level 5 of the Dungeon
  4543 | D:5      | Noticed Prince Ribbit
  4551 | D:5      | Killed Prince Ribbit
  4575 | D:5      | Noticed Grinder
  4585 | D:5      | Killed Grinder
  4586 | D:5      | Reached skill level 5 in Dodging
  4587 | D:5      | Reached skill level 5 in Shields
  4593 | D:5      | Noticed Sigmund
  4633 | D:4      | Reached skill level 5 in Armour
  4638 | D:4      | Reached XP level 9. HP: 46/64 MP: 9/9
  4925 | D:5      | Found a staircase to the Ecumenical Temple.
  5058 | D:5      | Found a stormy altar of Qazlal.
  5169 | D:5      | Noticed Menkaure
  5173 | D:5      | Killed Menkaure
  5174 | D:5      | Reached skill level 5 in Maces & Flails
  5296 | D:5      | Killed Sigmund
  5378 | D:5      | Reached skill level 6 in Shields
  5575 | D:6      | Noticed Edmund
  5586 | D:6      | Killed Edmund
  6366 | D:7      | Noticed Maggie
  6381 | D:7      | Killed Maggie
  6382 | D:7      | Reached XP level 10. HP: 43/71 MP: 10/10
  6740 | D:7      | Noticed Duvessa
  6741 | D:7      | Noticed Joseph
  6743 | D:7      | Noticed Dowan
  6749 | D:7      | Killed Joseph
  6750 | D:7      | Reached skill level 7 in Shields
  6756 | D:7      | Killed Duvessa
  6780 | D:7      | Killed Dowan
  6942 | D:7      | Identified the +10 whip of Carchas {freeze, +Blink rCorr
                  | Dex-3}
  7525 | D:8      | Reached skill level 5 in Fighting
  7659 | D:8      | Found a runed translucent gate.
  7703 | D:8      | Found a runed translucent gate.
  7703 | D:8      | Found a runed translucent gate.
  7907 | D:8      | Noticed Psyche
  7919 | D:8      | Killed Psyche
  7923 | D:8      | Reached XP level 11. HP: 63/79 MP: 11/11
  8141 | D:8      | Noticed a two-headed ogre
  8149 | D:8      | Killed a two-headed ogre
  8150 | D:8      | Reached skill level 8 in Shields
  8257 | D:8      | Found Puizoc's Jewellery Emporium.
  8540 | D:8      | Noticed SirDiesAlot's ghost (novice DEEE)
  8570 | D:8      | Killed SirDiesAlot's ghost
  8627 | D:9      | Noticed a two-headed ogre
  8635 | D:9      | Killed a two-headed ogre
  8661 | D:9      | Reached skill level 10 in Armour
  8721 | D:9      | You fall into a shaft and drop 3 floors!
  8730 | D:12     | Noticed a two-headed ogre
  8738 | D:12     | Killed a two-headed ogre
  8799 | D:12     | Noticed a boulder beetle
  8932 | D:11     | Noticed Sonja
  8939 | D:11     | Killed Sonja
  8940 | D:11     | Reached skill level 10 in Maces & Flails
  8940 | D:11     | Reached skill level 9 in Shields
  8961 | D:10     | Entered Level 10 of the Dungeon
  9014 | D:9      | Reached XP level 12. HP: 80/87 MP: 12/12
  9119 | D:9      | Found Acrimaq's Magic Scroll Emporium.
  9122 | D:9      | Bought a scroll of identify for 34 gold pieces
  9122 | D:9      | Bought a scroll of fear for 68 gold pieces
  9122 | D:9      | Bought a scroll of enchant armour for 127 gold pieces
  9122 | D:9      | Bought a scroll of butterflies for 68 gold pieces
  9122 | D:9      | Bought a scroll of butterflies for 68 gold pieces
  9175 | D:9      | Found a staircase to the Orcish Mines.
  9682 | D:10     | Found a staircase to the Lair.
  9686 | D:10     | Identified the +9 ring mail "Wyhief" {Dex+2}
 10582 | D:11     | Reached skill level 10 in Dodging
 10797 | D:11     | Noticed a two-headed ogre
 10804 | D:11     | Killed a two-headed ogre
 10805 | D:11     | Reached skill level 5 in Stealth
 10868 | D:11     | Reached skill level 10 in Shields
 11441 | D:12     | Found Guteti's General Store.
 11448 | D:12     | Bought a potion of curing for 36 gold pieces
 11448 | D:12     | Bought a lightning rod (4/4) for 360 gold pieces
 11555 | D:12     | Killed a boulder beetle
 11759 | D:12     | Noticed Lodul
 11779 | D:12     | Killed Lodul
 11789 | D:12     | Reached XP level 13. HP: 94/94 MP: 13/13
 11896 | D:12     | Bought the amulet "Kuothete" {Spirit rPois Str+7 Int-5
                  | Dex+3} for 827 gold pieces
 12109 | D:13     | Reached skill level 11 in Shields
 12502 | D:13     | Identified the +0 robe "Mycwasol" {Int+4}
 12674 | D:14     | Identified the +3 chain mail of the New World {rF- rC+++
                  | Str+9 Int-5}
 12710 | D:14     | Noticed a centaur warrior
 12717 | D:14     | Killed a centaur warrior
 12768 | D:14     | Noticed a centaur warrior
 12781 | D:14     | Killed a centaur warrior
 12900 | D:14     | Reached skill level 12 in Shields
 13313 | D:14     | Found a gate to the Vaults.
 13313 | D:14     | Noticed a vault guard
 13313 | D:14     | Noticed a vault guard
 13337 | D:14     | Killed a vault guard
 13345 | D:14     | Reached XP level 14. HP: 47/103 MP: 7/14
 13740 | D:15     | Entered Level 15 of the Dungeon
 13770 | D:15     | Reached skill level 13 in Shields
 14212 | D:15     | Found a staircase to the Depths.
 14607 | D:15     | Reached skill level 14 in Shields
 15077 | Depths:1 | Entered Level 1 of the Depths
 15629 | Depths:1 | Noticed a pearl dragon
 15896 | Lair:1   | Entered Level 1 of the Lair of Beasts
 15924 | Lair:1   | Found a hide-covered altar of Uskayaw.
 15925 | Lair:1   | Found an ornate altar of the Wu Jian Council.
 15949 | Lair:1   | Reached XP level 15. HP: 95/110 MP: 15/15
 16737 | Lair:2   | Found a hole to the Spider Nest.
 17040 | Lair:2   | Found a staircase to the Swamp.
 17612 | Lair:2   | Identified the +4 rapier "Oramallep" {holy, rElec Str+4
                  | Dex+2 SInv}
 17821 | Lair:3   | Identified the +6 long sword of Royalism {flame, Fly rF+}
 18106 | Lair:3   | Reached skill level 15 in Shields
 18349 | Lair:3   | Reached skill level 15 in Maces & Flails
 18612 | Lair:4   | Found a basalt altar of Yredelemnul.
 18662 | Lair:3   | Reached skill level 15 in Armour
 18848 | Lair:4   | Noticed Selrock's ghost (journeyman DsGl)
 19121 | Lair:4   | Found a transporter.
 19121 | Lair:4   | Found a transporter.
 19474 | Lair:4   | Bought the necklace of Bloodlust {*Rage Will++ Int-3
                  | Slay+6} for 1359 gold pieces
 19474 | Lair:4   | Found the necklace of Bloodlust {*Rage Will++ Int-3 Slay+6}
 19518 | Lair:5   | Entered Level 5 of the Lair of Beasts
 19529 | Lair:5   | Reached skill level 16 in Shields
 19928 | Lair:5   | Reached XP level 16. HP: 56/120 MP: 16/16
 20527 | Lair:5   | Found a staircase to the Slime Pits.
 20571 | Lair:5   | Got the Atlas of the Flaming Grave
 21172 | Lair:5   | Reached skill level 17 in Shields
 21307 | Lair:5   | Got the Omnibus of Intoxication and the Arsonist
 21311 | Lair:5   | Got Elejih's Anthology of Peregrination and the Legion
 21752 | Slime:1  | Entered Level 1 of the Pits of Slime
 21752 | Slime:1  | Noticed an acid blob
 21760 | Lair:5   | Killed an acid blob
 21905 | Slime:1  | Noticed an acid blob
 21935 | Lair:5   | Killed an acid blob
 22311 | Lair:4   | Killed Selrock's ghost
 22312 | Lair:4   | Reached skill level 10 in Fighting
 22755 | Swamp:1  | Entered Level 1 of the Swamp
 22780 | Swamp:1  | HP: 5/122 [spriggan rider/+0 spear (9)]
 22781 | Swamp:1  | HP: 1/122 [spriggan druid/angry trees (6)]
 22781 | Swamp:1  | Mangled by a bunyip

Illustrated notes

Levels and vault maps discovered:
D:1:      dpeg_arrival_pits, layout_basic, shapermc_ecumenical_altar_flowoftime,
          solitary_fountain
D:2:      layout_basic, serial_park_tiny_1
D:3:      layout_loops_corners, minitemple, old_standard_altar,
          uniq_crazy_yiuf_cottage
D:4:      layout_gridville, gup_sewer_entry_pipe, corexii_leaking_fountain
D:5:      layout_basic, mainiacjoe_overflow_tiny_flanked,
          minmay_temple_entry_gardened_gates, chequers_avenue,
          uniq_prince_ribbit1, uniq_grinder, uniq_menkaure, uniq_sigmund
D:6:      layout_basic, uniq_edmund
D:7:      layout_basic, uniq_duvessa, uniq_joseph, uniq_maggie
D:8:      layout_loops_ring, serial_shops, nicolae_shop_advertising_works
          [nicolae_subvault_shop_adworks], gammafunk_ghost_spectres, uniq_psyche
D:9:      layout_big_octagon, orc_0_dummy, serial_shops,
          nicolae_shop_hallway_stairs, minmay_misc_feat_cross
D:10:     layout_loops_ring, david_lair_shrubbed
D:11:     layout_loops_corners, uniq_sonja
D:12:     layout_roguey, serial_shops, shop, uniq_lodul
D:13:     layout_irregular_city
D:14:     layout_rooms, grunt_vaults_entry_tiered, minmay_staircase_bubble
D:15:     grunt_enter_depths_magical_seal, layout_gridville, serial_bayou_ford_a
Lair:1:   layout_loops_ring, nzn_masters_of_martial_movement
Lair:2:   layout_loops_ring, minmay_swamp_entry_worms, spider_nest_entry_a,
          minmay_lindwurm_lava
Lair:3:   layout_gridlike
Lair:4:   layout_misc_corridors, basic_altar, gammafunk_ghost_hive, st_stairs_9
Lair:5:   hangedman_lair_tendril_chambers, layout_regular_city,
          minmay_slime_entry_oklob_open
Swamp:1:  cheibrodos_swamp_monstrosity, layout_falls_marsh,
          nicolae_swamp_treefoil, swamp_pool3, nicolae_swamp_godswood,
          uniq_roxanne
Slime:1:  layout_caves
Depths:1: layout_basic, lemuel_statue_altar, hell_entry, hallowed_hall,
          minmay_shoptagon, kennysheep_random_hallway

Skill      XL: |  1  2  3  4  5  6  7  8  9 10 11 12 13 14 15 16 |
---------------+-------------------------------------------------+-----
Shields        | 1 2 3 4 5 6 7 9 10 12 14 16 17 | 17.5
Ranged Weapons | 5 6 7 |  7.7
Dodging        | 2 3 4 5 7 8 9 10 12 13 | 13.3
Armour         | 1 2 3 5 7 8 10 12 13 14 15 | 15.6
Maces & Flails | 1 2 3 4 6 8 10 11 13 14 15 16 | 16.0
Stealth        | 2 3 4 5 |  5.0
Fighting       | 3 4 5 6 7 8 9 10 | 10.0

Action                   |  1- 3 |  4- 6 |  7- 9 | 10-12 | 13-15 | 16-18 || total
-------------------------+-------+-------+-------+-------+-------+-------++-------
Melee: Flail             |     4 |   127 |   202 |   425 |   851 |   237 ||  1846
       Unarmed           |       |       |     1 |       |       |       ||     1
 Fire: Shortbow          |    44 |       |       |       |       |       ||    44
Invok: Call Merchant     |       |       |       |     1 |     1 |       ||     2
 Abil: Dig               |       |     1 |       |       |       |       ||     1
Evoke: Wand              |       |       |       |       |       |     1 ||     1
  Use: Scroll            |     4 |     5 |     6 |    12 |     6 |     2 ||    35
       Potion            |       |     1 |     1 |     1 |     6 |     1 ||    10
 Stab: Sleeping          |       |    10 |     2 |    10 |     2 |       ||    24
       Distracted        |       |       |     1 |     8 |     9 |     5 ||    23
Armor: Leather armour    |    12 |    30 |    66 |       |       |       ||   108
       Skin              |       |    43 |       |       |       |       ||    43
       Acid dragon scale |       |       |       |    34 |       |       ||    34
       Ring mail         |       |       |       |    19 |    20 |       ||    39
       Chain mail        |       |       |       |       |   163 |   107 ||   270
Dodge: Dodged            |    19 |    45 |   102 |   168 |   378 |   159 ||   871
Block: Tower shield      |    11 |   135 |   222 |   376 |  1094 |   304 ||  2142

Table legend: (Time is in decaauts)
 A = Elapsed time spent in this place.
 B = Non-inter-level travel time spent in this place.
 C = Inter-level travel time spent in this place.
 D = Time resting spent in this place.
 E = Time spent auto-exploring this place.
 F = Levels seen in this place.
 G = Mean time per level.
                   A        B        C        D        E       F      G
               +--------+--------+--------+--------+--------+-----+--------+
         Total |  22975 |  22388 |    587 |   1755 |  14392 |  24 |  957.3 |
       Dungeon |  15142 |  14721 |    421 |   1001 |   9865 |  15 | 1009.5 |
          Lair |   6726 |   6561 |    165 |    547 |   4380 |   5 | 1345.2 |
         Swamp |     24 |     24 |      0 |      0 |      0 |   1 |   24.0 |
    Slime Pits |     44 |     44 |      0 |      0 |      0 |   1 |   44.0 |
        Depths |    241 |    241 |      0 |      0 |      0 |   1 |  241.0 |
         Sewer |    796 |    796 |      0 |    207 |    146 |   1 |  796.0 |
               +--------+--------+--------+--------+--------+-----+--------+

Top non-repeatable levels by time:
  Lair:5: 2617 daAuts
    D:15: 1746 daAuts
  Lair:4: 1239 daAuts
     D:1: 1209 daAuts
     D:3: 1189 daAuts
     D:7: 1185 daAuts
     D:8: 1163 daAuts
     D:4: 1156 daAuts
    D:14: 1148 daAuts
  Lair:2: 1046 daAuts
    D:12: 1038 daAuts
  Lair:3: 991 daAuts
     D:5: 921 daAuts
    D:11: 919 daAuts
    D:10: 847 daAuts
